← All builds
Suicide front / Armada / Factory first / OBSERVED BUILD

Standard suicide front

Bot Lab first into Rocketeer/Centurion/Pawn to contest the middle early and hold until T2 arrives, the role's baseline play.

Usually lab first (62%)

#rush · 1185 distinct matches · 125 players · 71% of Armada Suicide front games · team won 60% of 1411 · Recently observed

HOW TO PLAY IT

Key timing: Bot Lab by 0:20

  1. Open with mex and wind, drop Bot Lab immediately.
  2. Push out first "Centurion" as Pond's boost lands.
  3. Send "Rocketeer", "Centurion", "Pawn" mix to contest middle.
  4. Add Dragon's Teeth and Sentries to hold the line.
  5. Get Advanced Metal Extractor up as T2 nears.

Phase by phase

TYPICAL OF ITS 1185 GAMES
  1. 1
  2. 2
  3. 3
PLAY THE OPENING

Follow the example game's first 6:00 step by step: what to build now, what comes next, and where it goes. At 1× it keeps pace with your own game.

  1. 1

    Bot Lab first

    Order
    1. Bot LabBot Lab done ~0:20, middle half 0:20–0:33

    Some games also: mex (37%)

  2. 2

    Bot Lab to 5:00

    Economy
    • Metal Extractor5Mex
    • Wind Turbine4Wind
    Builders
    • Construction Bot3 Con bot
    • Lazarus2 Lazarus
    Army
    • Sentry4 Sentry
    • Rocketeer18 Rocketeer
    • Tick2 Tick
    • Centurion1 Centurion
    Other
    • Radar Tower1 Radar Tower

    Some games also: con turret (35%) · pawn (31%)

    By 5:00 in all: 5 mex · 5 wind

    The example game in this phase · 46 steps
    1. TickTick
    2. LazarusLazarus
    3. Mex
    4. Construction BotCon bot
    5. Wind
    6. CenturionCenturion
    7. Con turret
    8. Wind ×2
    9. CenturionCenturion
    10. Construction ShipCon shipfor Geo sea
    11. Mex
    12. RocketeerRocketeer
    13. Wind
    14. RocketeerRocketeer
    15. Wind
    16. Radar TowerRadar Tower
    17. EelSubmarinefor Geo seanot finished by 15:00
    18. Mexfor Geo sea
    19. Radar TowerRadar Tower
    20. RocketeerRocketeer
    21. Wind
    22. Mex
    23. Mexfor Geo sea
    24. RocketeerRocketeer
    25. SentrySentry
    26. Wind
    27. RocketeerRocketeer
    28. Wind
    29. Energy storage
    30. RocketeerRocketeer
    31. Wind
    32. RocketeerRocketeer ×3
    33. Wind
    34. RocketeerRocketeer
    35. Wind
    36. RocketeerRocketeer
    37. Wind
    38. RocketeerRocketeer
    39. Wind
    40. RocketeerRocketeer
    41. Wind
    42. RocketeerRocketeer
    43. Wind
    44. RocketeerRocketeer
    45. LazarusLazarus
    46. RocketeerRocketeer ×3
  3. 3

    5:00 to 10:00

    Economy
    • Metal Extractor1Mex
    • Wind Turbine17Wind
    Builders
    • Construction Turret2 Con turret
    • Lazarus2 Lazarus
    • Construction Bot1 Con bot
    Army
    • Sentry1 Sentry
    • Rocketeer8 Rocketeer
    • Pawn1 Pawn

    Some games also: tick (48%) · Radar Tower (47%) · energy storage (46%) · centurion (45%) · Beamer (38%)

    By 10:00 in all: 6 mex · 23 wind · 1 energy storage · 3 con turret

    The example game in this phase · 88 steps
    1. RocketeerRocketeer ×6
    2. Construction BotCon bot ×4
    3. RocketeerRocketeer
    4. TickTick ×6
    5. Con turret
    6. TickTick ×18
    7. Advanced Metal ExtractorT2 mexdone 8:22 · typical 9:37
    8. TickTick ×8
    9. Wind
    10. TickTick
    11. Wind
    12. TickTick
    13. Wind ×2
    14. TickTick ×2
    15. Wind
    16. TickTick
    17. Advanced Metal ExtractorT2 mex
    18. TickTick ×5
    19. Wind ×2
    20. TickTick ×3
    21. Wind
    22. TickTick ×2
    23. Wind
    24. TickTick ×2
    25. Wind
    26. TickTick ×3
    27. Con turret
    28. TickTick ×3
    29. Advanced Metal ExtractorT2 mex
    30. TickTick
    31. Wind ×2
    32. TickTick ×2
    33. Wind ×2
    34. TickTick ×2
    35. Wind ×3
    36. TickTick
    37. Advanced Metal ExtractorT2 mex
    38. Wind
    39. TickTick
    40. Wind
    41. TickTick
    42. Wind
    43. TickTick
    44. Wind
    45. TickTick
    46. Wind
    47. TickTick ×2
    48. Wind
    49. TickTick
    50. Advanced Metal ExtractorT2 mex
    51. Wind
    52. TickTick ×4
    53. Con turret
    54. TickTick
    55. Wind
    56. Con turret
    57. Cloakable Fusion ReactorCloakable Fusion Reactordone 12:15
    58. TickTick ×4
    59. Wind
    60. TickTick ×4
    61. Wind
    62. TickTick ×4
    63. Wind
    64. TickTick
    65. Wind
    66. TickTick ×2
    67. Wind
    68. TickTick ×2
    69. Wind
    70. TickTick ×2
    71. Wind
    72. Cloakable Fusion ReactorCloakable Fusion Reactor
    73. TickTick
    74. Dragon's TeethDragon's Teeth
    75. TickTick ×5
    76. Construction BotCon bot ×4
    77. Cloakable Fusion ReactorCloakable Fusion Reactor
    78. Construction BotCon bot
    79. TickTick ×4
    80. Construction BotCon bot ×3
    81. Converter
    82. Construction BotCon bot
    83. Cloakable Fusion ReactorCloakable Fusion Reactor
    84. Construction BotCon bot
    85. Converter
    86. Construction BotCon bot
    87. Converter
    88. Advanced Radar TowerAdvanced Radar Tower

Counts are medians over the build's games: half of them build more, half fewer. The example game is BM_akumar6's (43 OS, 23/09/2026); pick another.

Team trades

IN AT LEAST 30% OF ITS GAMES

You hand over

Nothing regular.

You get

  • Tidal Generator4 Tidal from Pondfirst at 0:10 · in 69% of games
  • Advanced Construction Bot1 T2 con bot from Geo or Techfirst at 7:30 · in 58% of games

How it plays out

Typical game of this build, running totals by minute

Metal produced

010k20k30k
0:005:0010:0015:00

metal

Enemy metal destroyed

05k10k
0:005:0010:0015:00

metal

Own metal lost

05k10k
0:005:0010:0015:00

metal

1411 games.

Show as table
ByMetal produced: This buildEnemy metal destroyed: This buildOwn metal lost: This build
1:0022600
2:0088900
3:002056172106
4:003161660486
5:00423614131020
6:00543023271785
7:00666131792732
8:00791040353631
9:00929848164516
10:001068854265336
11:001224158986080
12:001402465176842
13:001604270137523
14:001796976808336
15:002029783029228
WHAT THE NUMBERS SAY

Standard suicide front play wins slightly more than half its games with fast kills but also fast losses, matching the raw grind of the role.

  • + First kill lands by 2:04 in all games
  • + Metal produced reaches 19882 by 15:00
  • − Own metal lost hits 9208 by 15:00, near metal destroyed of 8172
  • − First unit lost as early as 2:08 in every game
THE EXAMPLE YOU ARE READING

BM_akumar6

43.5 OS · 23/09/2026

Open source match ↗

16 received units · includes a constructor
897 metal received · 33015 energy received

Allied construction assistance is unknown. Timings are observations, not a promise of solo reproducibility.

Typical milestones

Bot Lab0:20Middle 50%: 0:20–0:33 · n=1405
Advanced Metal Extractor9:37Middle 50%: 8:41–10:48 · n=1035

Played most by

_X_252games of this buildPlatinumBlonde166games of this buildXad109games of this buildImmort62games of this buildwatermeloans58games of this build